 Dungeon Crawl Stone Soup version 0.29-a0-1065-g47a6bb87d6 (webtiles) character file.

Game seed: 13511628982778133505

557 Daunt the Slasher (level 7, -8/41 HPs)
             Began as a Kobold Fighter on Aug 18, 2022.
             Was an Initiate of Ashenzari.
             Mangled by an ogre
             ... wielding a +0 giant spiked club
              (21 damage)
             ... on level 4 of the Dungeon.
             The game lasted 00:20:18 (6293 turns).

Daunt the Slasher (Kobold Fighter)                  Turns: 6293, Time: 00:20:18

Health: -8/41      AC: 13    Str: 15    XL:     7   Next: 56%
Magic:  7/7        EV:  7    Int:  9    God:    Ashenzari [......]
Gold:   240        SH:  5    Dex: 15    Spells: 6/6 levels left

rFire   . . .      SeeInvis .   a - +0 long sword
rCold   . . .      Faith    .   c - +0 buckler
rNeg    . . .      Spirit   .   t - +1 chain mail {Will+}
rPois   .          Reflect  .   (no helmet)
rElec   .          Harm     .   n - +0 cloak
rCorr   .          Rampage  .   b - +0 pair of gloves
Will    +....                   f - +0 pair of boots
Stlth   ..........              (no amulet)
HPRegen 0.13/turn               (no ring)
MPRegen 0.10/turn               (no ring)

@: no status effects
A: small, no large weapons, nightstalker 3
a: Renounce Religion


You were on level 4 of the Dungeon.
You worshipped Ashenzari.
Ashenzari was noncommittal.
You visited 1 branch of the dungeon, and saw 5 of its levels.

You collected 240 gold pieces.

Inventory:

Hand Weapons
 a - a +0 long sword (weapon)
 v - a +0 dagger of venom
Missiles
 d - 2 boomerangs
 h - 57 stones
 w - 7 poisoned darts (quivered)
Armour
 b - a +0 pair of gloves (worn)
 c - a +0 buckler (worn)
 f - a +0 pair of boots (worn)
 n - a +0 cloak (worn)
 t - a +1 chain mail of willpower (worn)
 u - a +1 ring mail of fire resistance
Wands
 q - a wand of flame (11)
Scrolls
 e - a scroll of immolation {unknown}
 g - a scroll of butterflies
 i - 5 scrolls of teleportation
 m - a scroll of enchant armour
 x - a scroll of fear
 y - 3 scrolls of identify {unknown}
Potions
 j - 3 potions of attraction
 k - 2 potions of curing
 l - a potion of brilliance
 o - 2 potions of ambrosia
 p - a potion of cancellation
 s - 2 potions of mutation


   Skills:
 - Level 3.2 Fighting
 + Level 6.5 Long Blades
 - Level 2.4 Armour
 - Level 2.4 Shields


You had 6 spell levels left.
You didn't know any spells.
Your spell library contained the following spells:

 Spells                   Type           Power      Damage    Failure   Level
 Sandblast                Erth           0%         2d4       100%        1
 Passwall                 Tmut/Erth      0%         N/A       100%        2
 Stone Arrow              Conj/Erth      0%         3d7       100%        3
 Freezing Cloud           Conj/Ice/Air   0%         6-21      100%        5
 Simulacrum               Ice/Necr       0%         N/A       100%        6
 Polar Vortex             Ice            0%         N/A       100%        9


Dungeon Overview and Level Annotations

Branches:
Dungeon (5/15)
 Temple: D:4-7

Altars:
Ashenzari
Wu Jian

Annotations:
D:4 2 transporters, SirDiesAlot's ghost, amateur DsGl


Innate Abilities, Weirdness & Mutations

You are small and have problems with some larger weapons.
You are completely attuned to the shadows.


Message History

Things that are here:
a +0 whip; a +0 ring mail; an orc corpse You hit the fungus but do no damage.
You start resting.
An ogre comes into view. It is wielding a +0 giant spiked club.
Items here: ))) [[ ††.
You see here an adder skeleton.
You see here a +0 club.
There is a stone staircase leading up here.
You climb upwards.
Level annotation: 2 transporters, SirDiesAlot's ghost, amateur DsGl
There is a stone staircase leading down here.
SirDiesAlot's ghost says, "You will never get the ORB!"
There is a stone staircase leading down here.
The ogre shouts!
An ogre is nearby!
Unknown command.
Okay, then.
You throw a poisoned dart. The poisoned dart hits the ogre.
The ogre is poisoned.
You throw a poisoned dart. The poisoned dart hits the ogre.
You slash the ogre!
The ogre is moderately wounded.
You block the ogre's attack.
You barely miss the ogre.
The ogre is moderately wounded.
You block the ogre's attack.
You slash the ogre!
The ogre is severely wounded.
The ogre hits you with a +0 giant spiked club!!
Ouch! That really hurt!
You are too injured to fight recklessly!
You hit the ogre but do no damage.
The ogre is severely wounded.
You hit the ogre but do no damage.
The ogre is severely wounded.
The ogre looks more healthy.
The ogre hits you with a +0 giant spiked club!!
Ouch! That really hurt!
You die...

............##.# #.# #.#
...............# #.# #.#
..............## #.# #.#
..........#.#..####.# ##.#
........[...........####..#
.#.#.##................#..# ###
...#.##.....##..########..# #.#
.###.##.....##..########..# #.#
.# #.##!........@.........# #.#
.# #............O....###.####.###
####.##...#..#.(####.# #........#
.....##...#....(.###O###..###.###
.................>....<.......#
#.................##...#..###.#
#....##.#.#.#.#.#.........###.###
#....##.#.#.....................#
................#.##.###.####.###


You could see an ogre.

Vanquished Creatures
  An ice beast (D:3)
  A necrophage (D:4)
  A scorpion (D:5)
  A howler monkey (D:5)
  An orc priest (D:3)
  A hound (D:4)
  Terence (D:2)
  2 orc wizards (D:3)
  8 adders
  A worm (D:3)
  2 dart slugs (D:2)
  15 orcs
  4 ball pythons
  9 endoplasms
  2 giant cockroaches (D:1)
  6 goblins
  5 hobgoblins
  6 jackals
  3 quokkas
  6 bats
  5 frilled lizards
  3 kobolds
  5 rats
89 creatures vanquished.

Vanquished Creatures (others)
  52 fungi (D:5)
52 creatures vanquished.

Grand Total: 141 creatures vanquished

Notes
Turn   | Place    | Note
-------+----------+-------------------------------------------
     0 | D:1      | Daunt the Kobold Fighter began the quest for the Orb.
     0 | D:1      | Reached XP level 1. HP: 14/14 MP: 1/1
    35 | D:1      | Reached skill level 2 in Long Blades
    62 | D:1      | Reached XP level 2. HP: 19/19 MP: 2/2
   560 | D:1      | Reached XP level 3. HP: 23/23 MP: 3/3
   624 | D:1      | Found a faded altar of an unknown god.
   835 | D:1      | Prayed at the altar of an unknown god.
   835 | D:1      | Became a worshipper of Ashenzari the Shackled
  1311 | D:2      | Noticed Terence
  1482 | D:2      | Reached skill level 3 in Long Blades
  1901 | D:2      | Reached XP level 4. HP: 7/29 MP: 4/4
  2486 | D:2      | Killed Terence
  2951 | D:3      | Reached XP level 5. HP: 26/33 MP: 5/5
  2966 | D:3      | Reached skill level 4 in Long Blades
  3302 | D:3      | Reached * piety under Ashenzari
  3399 | D:3      | Reached XP level 6. HP: 7/38 MP: 6/6
  3721 | D:3      | Noticed an ice beast
  4138 | D:3      | Reached skill level 5 in Long Blades
  4746 | D:4      | Found a transporter.
  4757 | D:4      | Found a transporter.
  4759 | D:4      | Noticed SirDiesAlot's ghost (amateur DsGl)
  5187 | D:4      | Noticed an ogre
  5504 | D:5      | Entered Level 5 of the Dungeon
  5504 | D:5      | Noticed a black bear
  5723 | D:3      | Killed an ice beast
  5724 | D:3      | Reached skill level 6 in Long Blades
  5724 | D:3      | Reached XP level 7. HP: 41/41 MP: 7/7
  6000 | D:5      | Found an ornate altar of the Wu Jian Council.
  6293 | D:4      | Mangled by an ogre

Illustrated notes

Levels and vault maps discovered:
D:1:      roderic_crossed_star, layout_loops_ring,
          dreamdust_ecumenical_altar_hidden_monk_grotto,
          chequers_serial_rivers_micro_a, st_stairs_6
D:2:      layout_basic, uniq_terence
D:3:      layout_basic, minmay_pentangle
D:4:      layout_basic, gammafunk_ghost_stat_death
D:5:      layout_rooms, mainiacjoe_overflow_catch_the_wave,
          uniq_crazy_yiuf_cottage, uniq_pikel

Skill      XL: |  1  2  3  4  5  6 |
---------------+-------------------+-----
Long Blades    | 2 3 4 6 |  6.5
Fighting       | |  3.2
Armour         | |  2.4
Shields        | |  2.4

Action                   |  1- 3 |  4- 6 |  7- 9 || total
-------------------------+-------+-------+-------++-------
Melee: Long sword        |    98 |   214 |    34 ||   346
Throw: Stone             |       |     1 |       ||     1
       Dart              |       |       |     2 ||     2
Invok: Curse Item        |     1 |     1 |       ||     2
       Shatter the Chain |       |     2 |       ||     2
Evoke: Wand              |       |     2 |     2 ||     4
  Use: Potion            |     1 |     3 |     1 ||     5
 Stab: Sleeping          |       |     1 |       ||     1
Armor: Scale mail        |    49 |    62 |       ||   111
       Chain mail        |       |    27 |    16 ||    43
Dodge: Dodged            |    49 |    89 |     7 ||   145
Block: Buckler           |    22 |    68 |    11 ||   101

Table legend: (Time is in decaauts)
 A = Elapsed time spent in this place.
 B = Non-inter-level travel time spent in this place.
 C = Inter-level travel time spent in this place.
 D = Time resting spent in this place.
 E = Time spent auto-exploring this place.
 F = Levels seen in this place.
 G = Mean time per level.
                   A        B        C        D        E       F      G
               +--------+--------+--------+--------+--------+-----+--------+
         Total |   6373 |   5720 |    653 |   1361 |   2692 |   5 | 1274.6 |
       Dungeon |   6373 |   5720 |    653 |   1361 |   2692 |   5 | 1274.6 |
               +--------+--------+--------+--------+--------+-----+--------+

Top non-repeatable levels by time:
     D:3: 1733 daAuts
     D:2: 1708 daAuts
     D:4: 1390 daAuts
     D:1: 1250 daAuts
     D:5: 291 daAuts
